Map: Dusty Gorge

Players

DownyGreens

  • Race: Protoss Protoss
  • League: Diamond
  • Spawn Location: 11:00

LilPecker

  • Race: Terran Terran
  • Spawn Location: 9:00

IlIlIIIlIIIl - Winner!

  • Race: Terran Terran
  • Spawn Location: 5:00

Adversity - Winner!

  • Race: Terran Terran
  • Spawn Location: 3:00

Adversity - Winner!

  • Race: Terran Terran
  • Spawn Location: 3:00

VOD

Have the link to the VOD?

Description

Time

  • Played on: Sept. 1, 2018, 2:18 p.m.
  • Length: 4:09
Show
View Real Time Build Order
Export as new Build Order

DownyGreens Protoss 

Build Orders: Oracle Opening 

Get SALT Encoding   

  12  0:01  Probe  
  13  0:13  Probe  
  14  0:18  Pylon  
  14  0:25  Probe  
  15  0:36  Gateway  
  15  0:37  Probe  
  16  0:45  Probe  
  17  0:51  Assimilator  
  17  0:54  Probe  
  17  1:00  Assimilator  
  18  1:06  Probe  
  19  1:14  Pylon  
  19  1:20  Probe  
  20  1:26  Cybernetics Core  
  20  1:32  Probe  
  21  1:44  Probe  
  22  1:55  Adept  
  22  1:56  Probe  
  23  2:02  Stargate  
  25  2:08  Probe  
  25  2:09  Pylon  
  25  2:14  Warp Gate  
  26  2:20  Probe  
  27  2:28  Adept  
  29  2:34  Pylon  
  29  2:37  Oracle  
  29  2:42  Probe  
  33  3:03  Pylon  
  33  3:04  Oracle  
  33  3:08  Adept, Shield Battery  
Show
View Real Time Build Order
Export as new Build Order

LilPecker Terran 

Build Orders:  

Get SALT Encoding   

  12  0:00  SCV  
  13  0:13  SCV  
  14  0:19  Supply Depot  
  14  0:25  SCV  
  15  0:43  SCV  
  15  0:46  Barracks  
  16  0:52  Refinery  
  16  0:56  SCV  
  17  1:08  SCV  
  18  1:20  SCV  
  19  1:33  Orbital Command  
  19  1:34  Marine  
  20  1:50  Command Center  
  20  2:03  Barracks  
  20  2:08  SCV  
  20  2:10  Barracks Reactor  
  20  2:15  Supply Depot  
  21  2:20  SCV  
  21  2:33  SCV  
  19  2:56  Marine, Barracks Tech Lab  
  19  2:57  Marine  
  20  3:14  Marine x3  
Show
View Real Time Build Order
Export as new Build Order

IlIlIIIlIIIl Terran - Winner!

Build Orders: Cyclone Opening 

Get SALT Encoding   

  12  0:10  Refinery  
  12  0:12  SCV  
  13  0:24  SCV  
  13  0:27  Supply Depot  
  14  0:36  SCV  
  15  0:49  SCV  
  16  0:53  Barracks  
  16  1:01  SCV  
  17  1:09  Refinery  
  17  1:13  SCV  
  18  1:25  SCV  
  19  1:37  SCV  
  20  1:41  Factory  
  20  1:42  Barracks Reactor  
  20  1:50  Orbital Command  
  20  2:04  Supply Depot  
  20  2:15  SCV  
  21  2:27  SCV  
  22  2:31  Cyclone  
  22  2:32  Cyclone  
  28  2:42  SCV, Supply Depot  
  29  2:50  Armory  
  29  2:56  SCV  
  30  3:04  Cyclone  
  33  3:10  Cyclone  
  36  3:15  SCV  
  37  3:22  Supply Depot  
  37  3:27  SCV  
  38  3:40  SCV  
  39  3:44  Widow Mine  
  44  4:02  Engineering Bay  
Show
View Real Time Build Order
Export as new Build Order

Adversity Terran - Winner!

Build Orders:  

Get SALT Encoding   

  12  0:02  SCV  
  13  0:14  SCV  
  14  0:18  Supply Depot  
  14  0:26  SCV  
  15  0:31  Refinery  
  15  0:40  SCV  
  16  0:45  Barracks  
  16  0:52  SCV  
  17  1:03  Barracks  
  17  1:18  Barracks  
  17  1:24  SCV  
  18  1:33  Reaper  
  19  1:43  Orbital Command  
  19  1:51  Refinery, Reaper  
  20  2:02  Supply Depot  
  20  2:05  Reaper  
  21  2:08  Reaper  
  21  2:13  SCV  
  23  2:24  Reaper  
  24  2:31  Supply Depot  
  24  2:33  SCV  
  25  2:38  Reaper  
  26  2:49  Reaper  
  27  2:57  Reaper  
  28  3:10  Reaper  
  29  3:13  Command Center  
  29  3:14  SCV  
  29  3:28  Reaper  
  28  3:38  SCV  
  28  3:39  Engineering Bay  
Show
View Real Time Build Order
Export as new Build Order

Adversity Terran - Winner!

Build Orders:  

Get SALT Encoding   

  12  0:02  SCV  
  13  0:14  SCV  
  14  0:18  Supply Depot  
  14  0:26  SCV  
  15  0:31  Refinery  
  15  0:40  SCV  
  16  0:45  Barracks  
  16  0:52  SCV  
  17  1:03  Barracks  
  17  1:18  Barracks  
  17  1:24  SCV  
  18  1:33  Reaper  
  19  1:43  Orbital Command  
  19  1:51  Reaper, Refinery  
  20  2:02  Supply Depot  
  20  2:05  Reaper  
  21  2:08  Reaper  
  21  2:13  SCV  
  23  2:24  Reaper  
  24  2:31  Supply Depot  
  24  2:33  SCV  
  25  2:38  Reaper  
  26  2:49  Reaper  
  27  2:57  Reaper  
  28  3:10  Reaper  
  29  3:13  Command Center  
  29  3:14  SCV  
  29  3:28  Reaper  
  28  3:38  SCV  
  28  3:39  Engineering Bay  
Tags
 
Add a new tag
Caveats
  • Supply blocks, unpowered buildings, or Contaminate may cause inaccurate times.
  • Supply counts are checked every 10 seconds.